 Dungeon Crawl Stone Soup version 0.29-a0-337-g68df138881 (webtiles) character file.

Game seed: 23824571474963366

44 zazu2006 the Magician (level 3, -1/42 HPs)
             Began as a Naga Hedge Wizard on Apr 16, 2022.
             Slain by an orc wizard
             ... wielding a +0 dagger
              (2 damage)
             ... on level 2 of the Dungeon.
             The game lasted 00:04:02 (1655 turns).

zazu2006 the Magician (Naga Hedge Wizard)           Turns: 1655, Time: 00:04:03

Health: -1/42      AC:  2    Str: 11 (12) XL:     3   Next: 62%
Magic:  6/8        EV:  9    Int: 12 (16) God:
Gold:   30         SH:  0    Dex: 10      Spells: 1/10 levels left

rFire   . . .      SeeInvis +   a - +0 dagger
rCold   . . .      Faith    .   (no shield)
rNeg    . . .      Spirit   .   b - +0 robe
rPois   +          Reflect  .   c - +0 hat
rElec   .          Harm     .   (no cloak)
rCorr   .          Rampage  .   (no gloves)
Will    .....                   (no barding)
Stlth   ..........              (no amulet)
HPRegen 0.14/turn               (no ring)
MPRegen 0.11/turn               (no ring)

@: confused, berserking, quick
A: AC +1, large, see invisible, deformed body, poison resistance, slowness 2,
spit poison 1, naga tail 1, antennae 1, deterioration 1
a: Spit Poison


You were on level 2 of the Dungeon.
You visited 1 branch of the dungeon, and saw 2 of its levels.

You collected 30 gold pieces.

Inventory:

Hand Weapons
 a - a +0 dagger (weapon)
Missiles
 i - a poisoned dart
Armour
 b - a +0 robe (worn)
 c - a +0 hat (worn)
Scrolls
 f - a scroll of summoning {unknown}
 g - a scroll of fog {unknown}
Potions
 d - a potion of magic


   Skills:
 + Level 1.7 Dodging
 + Level 3.3 Stealth
 + Level 4.0 Spellcasting
 + Level 1.1 Conjurations
 + Level 1.0 Summonings
 + Level 1.0 Translocations
 * Level 0.4 Poison Magic


You had one spell level left.
You knew the following spells:

 Your Spells              Type           Power      Damage    Failure   Level
a - Magic Dart            Conj           20%        1d4       14%         1
b - Mephitic Cloud        Conj/Pois/Air  3%         N/A       47%         3
c - Conjure Flame         Conj/Fire      3%         6-21      45%         3
d - Blink                 Tloc           8%         N/A       22%         2

Your spell library contained the following spells:

 Spells                   Type           Power      Damage    Failure   Level
 Apportation              Tloc           8%         N/A       14%         1
 Summon Small Mammal      Summ           16%        N/A       14%         1
 Animate Skeleton         Necr           4%         N/A       22%         1
 Slow                     Hex            8%         N/A       22%         1
 Call Imp                 Summ           4%         N/A       22%         2


Dungeon Overview and Level Annotations

Branches:
Dungeon (2/15)

Altars:


Innate Abilities, Weirdness & Mutations

Your serpentine skin is tough. (AC +1)
You have supernaturally acute eyesight. (SInv)
Armour fits poorly on your strangely shaped body.
Your system is resistant to poisons. (rPois)
You cover ground very slowly.
You can spit poison.
You have a snake-like lower body.
You have a pair of small antennae on your head.
Your body sometimes deteriorates upon taking damage.


Message History

Aim: an orc wizard, wielding a +0 dagger and wearing a +0 robe (heavily wounded, very poisoned, 45% to hit)
You throw a poisoned dart. The poisoned dart hits the orc wizard.
The orc wizard is heavily wounded.
The orc wizard points at you and mumbles some strange words.
You are confused.
Unknown command.
The orc wizard completely misses you.
You have got your breath back.
The orc wizard misses you. The orc wizard casts a spell at you.
You are more confused.
The orc wizard hits you with a +0 dagger.
The orc wizard closely misses you.
The orc wizard points at you and mumbles some strange words.
You are more confused.
The orc wizard hits you with a +0 dagger.
The orc wizard hits you but does no damage.
The orc wizard hits you but does no damage.
The orc wizard casts a spell at you. The puff of flame hits you!
Ouch! That really hurt!
* * * LOW HITPOINT WARNING * * *
Your body deteriorates!
You feel weakened.
It was a potion of berserk rage.
A red film seems to cover your vision as you go berserk!
You feel yourself moving faster!
You feel mighty!
The orc wizard hits you with a +0 dagger.
* * * LOW HITPOINT WARNING * * *
You barely miss the orc wizard.
The orc wizard is almost dead.
You closely miss the orc wizard.
The orc wizard is almost dead.
The orc wizard looks more healthy.
The orc wizard gestures at you while chanting.
The magic dart hits you.
* * * LOW HITPOINT WARNING * * *
Your body deteriorates!
You feel dopey.
You bump into the rock wall.
The orc wizard hits you with a +0 dagger.
You die...

............#
.######.#.#†#####
.⌠# #.#.......##
.# # ###.###.<# #
#.. ##.# ##.. #.#
#.##.# .##o#
.##@# ##.# #.#
#.# ..# .?. ...
....


You could see an orc wizard.

Vanquished Creatures
  An adder (D:2)
  A worm (D:1)
  A dart slug (D:1)
  2 orcs
  2 endoplasms (D:1)
  3 giant cockroaches
  4 goblins
  3 hobgoblins (D:1)
  A quokka (D:2)
  2 bats (D:1)
  A frilled lizard (D:1)
  3 kobolds
  3 rats (D:1)
27 creatures vanquished.

Notes
Turn   | Place    | Note
-------+----------+-------------------------------------------
     0 | D:1      | zazu2006 the Naga Hedge Wizard began the quest for the Orb.
     0 | D:1      | Reached XP level 1. HP: 15/15 MP: 4/4
   425 | D:1      | Reached XP level 2. HP: 22/22 MP: 4/6
  1225 | D:1      | Gained mutation: Your body sometimes deteriorates upon
                  | taking damage. [potion of mutation]
  1225 | D:1      | Gained mutation: You have a pair of small antennae on your
                  | head. [potion of mutation]
  1225 | D:1      | HP: 1/22 [orc/+0 hand axe (5)]
  1234 | D:1      | Reached XP level 3. HP: 15/28 MP: 1/8
  1382 | D:1      | Learned a level 3 spell: Mephitic Cloud
  1386 | D:1      | Learned a level 3 spell: Conjure Flame
  1389 | D:1      | Learned a level 2 spell: Blink
  1459 | D:2      | Reached skill level 4 in Spellcasting
  1654 | D:2      | HP: 1/42 [orc wizard/magic dart (6)]
  1655 | D:2      | Slain by an orc wizard

Illustrated notes

Levels and vault maps discovered:
D:1:      eino_arrival_water_cross, layout_loops_ring
D:2:      layout_rooms, hellmonk_ecumenical_altar_pennies_from_heaven,
          grunt_ministairs_8, uniq_robin

Skill      XL: |  1  2  3 |
---------------+----------+-----
Spellcasting   | 4 |  4.0
Dodging        | |  1.7
Stealth        | |  3.3
Conjurations   | |  1.1
Summonings     | |  1.0
Translocations | |  1.0
Poison Magic   | |  0.4

Action                   || total
-------------------------++-------
Melee: Dagger            ||     6
Throw: Dart              ||     5
 Cast: Magic Dart        ||    66
 Abil: Spit Poison       ||    17
  Use: Potion            ||     3
Armor: Robe              ||     3
Dodge: Dodged            ||    14

Table legend: (Time is in decaauts)
 A = Elapsed time spent in this place.
 B = Non-inter-level travel time spent in this place.
 C = Inter-level travel time spent in this place.
 D = Time resting spent in this place.
 E = Time spent auto-exploring this place.
 F = Levels seen in this place.
 G = Mean time per level.
                   A        B        C        D        E       F      G
               +--------+--------+--------+--------+--------+-----+--------+
         Total |   1923 |   1898 |     25 |    316 |   1230 |   2 |  961.5 |
       Dungeon |   1923 |   1898 |     25 |    316 |   1230 |   2 |  961.5 |
               +--------+--------+--------+--------+--------+-----+--------+

Top non-repeatable levels by time:
     D:1: 1723 daAuts
     D:2: 199 daAuts
